 Dungeon Crawl Stone Soup version 0.28-a0-175-gb2089b6bb7 (webtiles) character file.

Game seed: 13761991924512376373

254 Nattfarinn the Grave Robber (level 5, -4/42 HPs)
             Began as a Deep Dwarf Necromancer on Aug 17, 2021.
             Killed by divine providence
             ... invoked by an orc priest
              (12 damage)
             ... on level 4 of the Dungeon.
             The game lasted 00:07:00 (3286 turns).

Nattfarinn the Grave Robber (DDNe)                  Turns: 3286, Time: 00:07:00

Health: -4/42      AC:  3    Str: 12    XL:     5   Next: 90%
Magic:  18/18 (9)  EV: 12    Int: 16    God:
Gold:   40         SH:  0    Dex: 13    Spells: 6/10 levels left

rFire   . . .      SeeInvis .   f - +1 dagger (vamp)
rCold   . . .      Faith    .   (no shield)
rNeg    . . .      Spirit   .   a - +0 robe
rPois   .          Reflect  .   (no helmet)
rElec   .          Harm     .   (no cloak)
rCorr   .          Rampage  .   (no gloves)
Will    .....                   e - +0 pair of boots
Stlth   ++........              (no amulet)
HPRegen 0.00/turn               k - ring of magical power
MPRegen 0.16/turn               (no ring)

@: no status effects
A: damage resistance, heal wounds, sense surroundings 1, no regeneration
a: Heal Wounds


You were on level 4 of the Dungeon.
You visited 1 branch of the dungeon, and saw 4 of its levels.

You collected 137 gold pieces.
You spent 97 gold pieces at shops.

Inventory:

Hand Weapons
 f - a +1 vampiric dagger (weapon)
Armour
 a - a +0 robe (worn)
 e - a +0 pair of boots (worn)
Jewellery
 k - a ring of magical power (left hand)
Scrolls
 b - 4 scrolls of identify
 c - a scroll of torment
 g - a scroll of amnesia
Potions
 d - 3 potions of curing
 i - a potion of brilliance {unknown}
 j - a potion of flight {unknown}
 l - 2 potions of lignification {unknown}


   Skills:
 - Level 2.1 Dodging
 - Level 2.4 Stealth
 + Level 3.3 Spellcasting
 * Level 6.9 Necromancy


You had 6 spell levels left.
You knew the following spells:

 Your Spells              Type           Power      Damage    Failure   Level
a - Pain                  Necr           96%        1d8       1%          1
b - Vampiric Draining     Necr           12%        2d7       3%          3

Your spell library contained the following spells:

 Spells                   Type           Power      Damage    Failure   Level
 Animate Skeleton         Necr           48%        N/A       1%          1
 Animate Dead             Necr           12%        N/A       11%         4
 Agony                    Necr           24%        N/A       28%         5
 Gell's Gravitas          Tloc           1%         N/A       50%         3
 Teleport Other           Tloc           2%         N/A       50%         3
 Dispersal                Tloc           1%         N/A       100%        6


Dungeon Overview and Level Annotations

Branches:
Dungeon (4/15)             Temple (0/1) D:4

Altars:

Shops:
D:2 (   D:3 ?

Portals:
Sewer: D:4

Annotations:
D:2 1 runed translucent door, Crazy Yiuf


Innate Abilities, Weirdness & Mutations

You are resistant to damage.
You can heal yourself by infusing magical energy.
You passively map a small area around you.
You do not regenerate.


Message History

The phantom is lightly damaged.
The phantom hits you.
You barely miss the phantom.
The phantom is lightly damaged.
The phantom hits you!
You hit the phantom.
The phantom is lightly damaged.
The phantom hits you.
You aren't carrying any items that you can evoke.
As you read the scroll labelled DUNKAM TEPRE, it crumbles to dust.
You assume a fearsome visage.
The butterfly looks frightened!
The phantom is unaffected.
It was a scroll of fear.
The phantom barely misses you.
Blink to where?
Press: ? - help, Dir - move target
As you read the scroll labelled RUXTAT NOHO, it crumbles to dust.
It was a scroll of blinking.
There is a stone staircase leading up here.
You climb upwards.
There is a stone staircase leading down here.
There is an open door here.
You see here 13 stones.
Magic restored.
There is a stone staircase leading down here.
You climb downwards.
You hear the sound of rushing water.
There is an entrance to a sewer on this level.
Hurry and find it before the portal rusts away!
You hear the slow rusting of a drain.
An endoplasm, a giant cockroach, 2 gnolls and 5 orcs come into view.
The gnoll shouts!
The orc shouts!
The orc priest shouts!
The orc shouts!
You hear an angry hiss.
Found 38 stones.
Found a glowing drain.
Found a stone staircase leading up.
There is a stone staircase leading up here.
Unknown command.
A rat comes into view.
The orc priest hits you from afar with a +0 trident!
* * * LOW HITPOINT WARNING * * *
The orc priest mumbles some strange prayers to Beogh against you.
Beogh smites you!
You die...

* , *
,.##.#.........# ,
###..#.##...#...##
, ,* *
##.o..J......#####
* ##.o..o.....b..*
* #.......g.......
, , *
#<..o..(........#
#...o......
.####.<........ ,,
,
*#.(.....@gg.....
, ##..............
, #.###..B.......
** # #.....≈≈≈.. ,
, ^ ###..≈≈≈≈≈., *
#..≈≈∩≈≈.
...r≈≈≈≈. ,
*....≈≈≈.. , , ,,
,


You could see 2 orc priests, 3 gnolls, 3 orcs, an endoplasm (wandering), a giant
cockroach and a rat (wandering).

Vanquished Creatures
  An ice beast (D:3)
  A hound (D:4)
  A gnoll (D:1)
  5 adders
  An ufetubus (D:3)
  3 worms
  3 dart slugs
  2 orcs (D:3)
  5 endoplasms
  5 goblins (D:1)
  6 hobgoblins
  2 kobolds (D:2)
  2 quokkas
  6 ball pythons
  6 bats
  6 frilled lizards
  8 rats
63 creatures vanquished.

Notes
Turn   | Place    | Note
-------+----------+-------------------------------------------
     0 | D:1      | Nattfarinn the Deep Dwarf Necromancer began the quest for
                  | the Orb.
     0 | D:1      | Reached XP level 1. HP: 15/15 MP: 3/3
   425 | D:1      | Reached XP level 2. HP: 22/22 MP: 1/5
   822 | D:1      | Reached skill level 5 in Necromancy
   862 | D:1      | Found a faded altar of an unknown god.
   878 | D:1      | Reached XP level 3. HP: 12/28 MP: 6/6
   882 | D:1      | Learned a level 3 spell: Vampiric Draining
  1503 | D:2      | Reached XP level 4. HP: 36/36 MP: 0/7
  1590 | D:2      | Found Ekuuj's Antique Weapon Shop.
  1923 | D:2      | Found a runed translucent door.
  1924 | D:2      | Noticed Crazy Yiuf
  2256 | D:3      | Noticed an ice beast
  2262 | D:3      | Killed an ice beast
  2263 | D:3      | Reached skill level 6 in Necromancy
  2263 | D:3      | Reached XP level 5. HP: 19/42 MP: 1/9
  2683 | D:3      | Found Maydenae's Magic Scroll Emporium.
  2731 | D:3      | Bought a scroll of enchant weapon for 97 gold pieces
  3205 | D:4      | Found a staircase to the Ecumenical Temple.
  3213 | D:4      | Noticed a phantom
  3285 | D:4      | Found a glowing drain.
  3286 | D:4      | Killed from afar by an orc priest

Illustrated notes

Levels and vault maps discovered:
D:1:      onia_arrival_handbag, layout_basic,
          shapermc_ecumenical_altar_notcrosses
D:2:      layout_loops_ring, serial_shops, nicolae_shop_window_shopping,
          uniq_crazy_yiuf_cottage
D:3:      layout_basic, serial_shops, shop
D:4:      layout_rooms, minmay_temple_entry_butterflies, portal_sewer_entry_a,
          uniq_edmund

Skill      XL: |  1  2  3  4 |
---------------+-------------+-----
Spellcasting   | 2 3 |  3.3
Necromancy     | 5 6 |  6.9
Dodging        | |  2.1
Stealth        | |  2.4

Action                   |  1- 3 |  4- 6 || total
-------------------------+-------+-------++-------
Melee: Dagger            |    36 |    92 ||   128
       Unarmed           |     1 |       ||     1
 Cast: Pain              |    31 |       ||    31
       Vampiric Draining |    11 |    34 ||    45
  Use: Scroll            |     3 |     3 ||     6
 Stab: Sleeping          |       |     1 ||     1
Armor: Robe              |     6 |    28 ||    34
Dodge: Dodged            |    28 |   100 ||   128

Table legend: (Time is in decaauts)
 A = Elapsed time spent in this place.
 B = Non-inter-level travel time spent in this place.
 C = Inter-level travel time spent in this place.
 D = Time resting spent in this place.
 E = Time spent auto-exploring this place.
 F = Levels seen in this place.
 G = Mean time per level.
                   A        B        C        D        E       F      G
               +--------+--------+--------+--------+--------+-----+--------+
         Total |   3286 |   3126 |    160 |     53 |   2599 |   4 |  821.5 |
       Dungeon |   3286 |   3126 |    160 |     53 |   2599 |   4 |  821.5 |
               +--------+--------+--------+--------+--------+-----+--------+

Top non-repeatable levels by time:
     D:1: 1134 daAuts
     D:2: 1109 daAuts
     D:3: 997 daAuts
     D:4: 45 daAuts
